 Dungeon Crawl Stone Soup version 0.26-a0-639-g72c4674329 (webtiles) character file.

Game seed: 16452612901485277825

698 Borgoz the Cudgeler (level 7, -3/44 HPs)
             Began as a Gargoyle Fighter on Sept 18, 2020.
             Slain by an ogre
             ... wielding a +0 giant club
              (21 damage)
             ... on level 5 of the Dungeon.
             The game lasted 00:04:47 (3956 turns).

Borgoz the Cudgeler (Gargoyle Fighter)              Turns: 3956, Time: 00:04:48

Health: -3/44      AC: 14    Str: 26    XL:     7   Next: 65%
Magic:  7/7        EV:  8    Int:  8    God:
Gold:   244        SH: 10    Dex: 11    Spells: 6/6 levels left

rFire    . . .     SeeInvis .   h - +0 morningstar
rCold    + . .     Faith    .   c - +0 kite shield
rNeg     + . .     Spirit   .   b - +1 scale mail
rPois    ∞         Reflect  .   (no helmet)
rElec    +         Harm     .   (no cloak)
rCorr    .         Rampage  .   (no gloves)
MR       .....                  k - +0 pair of boots
Stlth    ..........             (no amulet)
HPRegen  0.14/turn              i - ring of protection from cold
MPRegen  0.10/turn              m - +6 ring of strength

@: very slightly contaminated, invisible
A: negative energy resistance 1, electricity resistance, unbreathing,
petrification resistance, rot immunity, AC +4
a: no special abilities


You were on level 5 of the Dungeon.
You visited 1 branch of the dungeon, and saw 5 of its levels.

You collected 244 gold pieces.

Inventory:

Hand Weapons
 h - a +0 morningstar (weapon)
Armour
 b - a +1 scale mail (worn)
 c - a +0 kite shield (worn)
 k - a +0 pair of boots (worn)
Jewellery
 f - an uncursed ring of ice
 i - a ring of protection from cold (left hand)
 m - a +6 ring of strength (right hand)
 o - an uncursed ring of flight
Wands
 n - a wand of enslavement (8)
 q - a wand of random effects (19)
 t - a wand of polymorph (7)
Scrolls
 a - a scroll of teleportation
 p - 4 scrolls of enchant armour
 r - a scroll of fog
 u - a scroll of identify
 w - a scroll of enchant weapon {unknown}
 x - a scroll of immolation {unknown}
 y - a scroll of silence {unknown}
Potions
 d - a potion of might
 e - a potion of invisibility
 g - a potion of haste {unknown}
 j - a potion of brilliance {unknown}
 l - 4 potions of stabbing {unknown}
 s - a potion of lignification {unknown}
 v - a potion of degeneration {unknown}


   Skills:
 + Level 5.1 Fighting
 * Level 5.4 Maces & Flails
 + Level 5.1 Armour
 + Level 5.1 Shields


You had 6 spell levels left.
You didn't know any spells.
Your spell library was empty.

Dungeon Overview and Level Annotations

Branches:
Dungeon (5/15)
 Temple: D:4-7

Altars:
Trog


Innate Abilities, Weirdness & Mutations

You are resistant to torment.
Your stone body is resilient. (AC +4)
You are immune to poison.
You resist negative energy. (rN+)
You are resistant to electric shocks. (rElec)
You can survive without breathing.
You are immune to petrification.
You are immune to rotting.


Message History

The ogre hits you with a +0 giant club. The killer bee zombie hits you.
You are too injured to fight recklessly!
You are too injured to fight recklessly!
You are too injured to fight recklessly!
You are too injured to fight recklessly!
You are too injured to fight recklessly!
You are too injured to fight recklessly!
You are too injured to fight recklessly!
You are too injured to fight recklessly!
You fade into invisibility!
The killer bee zombie closely misses you.
The ogre misses you.
You block the killer bee zombie's attack.
You are very lightly contaminated with residual magic.
You impale the ogre!!
The ogre is almost dead.
The killer bee zombie hits you but does no damage.
The killer bee zombie closely misses you.
The ogre hits you with a +0 giant club!!
You die...

..#....................#
###......###.##.......##
###.#.#......##..######
....#.....###....#
######........##.########
##....####.#.........#
####...### #...........#
....)...#######.........#
##..###....# #.@.......#
#..# ##...# #ZO.......#
##### ##### #.........#
..# #.........# ..#
#.........# ..#
#........^ ..# #.........
..# ########## ..#


You could see an ogre and a killer bee zombie.

Vanquished Creatures
  2 ice beasts
  An ogre (D:5)
  Blork the orc (D:5)
  A scorpion (D:4)
  A hound (D:4)
  An iguana (D:4)
  A worker ant (D:4)
  2 hound skeletons
  9 adders
  A white imp (D:5)
  An ooze (D:1)
  3 adder skeletons
  2 worms
  3 dart slugs
  3 leopard geckos
  5 orcs (D:3)
  2 ball pythons
  9 bats
  2 giant cockroaches
  6 hobgoblins
  6 jackals (D:5)
  4 kobolds
  7 quokkas
  9 frilled lizards
  9 goblins
  3 rats
94 creatures vanquished.

Notes
Turn   | Place    | Note
-------+----------+-------------------------------------------
     0 | D:1      | Borgoz the Gargoyle Fighter began the quest for the Orb.
     0 | D:1      | Reached XP level 1. HP: 14/14 MP: 1/1
   248 | D:1      | Reached XP level 2. HP: 18/19 MP: 2/2
   788 | D:2      | Reached XP level 3. HP: 21/23 MP: 3/3
  1089 | D:2      | Reached XP level 4. HP: 27/29 MP: 4/4
  1717 | D:3      | Noticed an ice beast
  1729 | D:3      | Killed an ice beast
  1729 | D:3      | Reached XP level 5. HP: 29/33 MP: 5/5
  2007 | D:3      | Reached XP level 6. HP: 38/38 MP: 6/6
  3129 | D:5      | Entered Level 5 of the Dungeon
  3183 | D:5      | Noticed an ice beast
  3201 | D:5      | Killed an ice beast
  3201 | D:5      | Reached skill level 5 in Maces & Flails
  3201 | D:5      | Reached XP level 7. HP: 35/44 MP: 7/7
  3287 | D:5      | Noticed Blork the orc
  3310 | D:5      | Killed Blork the orc
  3310 | D:5      | Reached skill level 5 in Armour
  3310 | D:5      | Reached skill level 5 in Shields
  3443 | D:5      | Reached skill level 5 in Fighting
  3822 | D:5      | Found a bloodstained altar of Trog.
  3956 | D:5      | Slain by an ogre

Illustrated notes

Levels and vault maps discovered:
D:1:      psy_arrival_basics, layout_basic, minmay_misc_feat_enclosed
D:2:      layout_basic, minmay_fountain_box
D:3:      layout_rooms
D:4:      layout_basic
D:5:      layout_rooms, basic_altar, uniq_blork_the_orc

Skill      XL: |  1  2  3  4  5  6  7 |
---------------+----------------------+-----
Maces & Flails | 3 4 5 |  5.4
Shields        | 4 5 |  5.1
Fighting       | 4 5 |  5.1
Armour         | 4 5 |  5.1

Action                   |  1- 3 |  4- 6 |  7- 9 || total
-------------------------+-------+-------+-------++-------
Melee: Flail             |   105 |    28 |       ||   133
       Morningstar       |       |   246 |    49 ||   295
       Unarmed           |       |       |    19 ||    19
  Use: Scroll            |     5 |     4 |       ||     9
       Potion            |       |       |     1 ||     1
Armor: Scale mail        |    91 |   149 |    19 ||   259
       Skin              |       |       |     4 ||     4
Dodge: Dodged            |    50 |   106 |    42 ||   198
Block: Kite shield       |    70 |   154 |    33 ||   257

Table legend: (Time is in decaauts)
 A = Elapsed time spent in this place.
 B = Non-inter-level travel time spent in this place.
 C = Inter-level travel time spent in this place.
 D = Time resting spent in this place.
 E = Time spent auto-exploring this place.
 F = Levels seen in this place.
 G = Mean time per level.
                   A        B        C        D        E       F      G
               +--------+--------+--------+--------+--------+-----+--------+
         Total |   4099 |   4007 |     92 |    450 |   2618 |   5 |  819.8 |
       Dungeon |   4099 |   4007 |     92 |    450 |   2618 |   5 |  819.8 |
               +--------+--------+--------+--------+--------+-----+--------+

Top non-repeatable levels by time:
     D:4: 979 daAuts
     D:2: 871 daAuts
     D:5: 845 daAuts
     D:1: 804 daAuts
     D:3: 599 daAuts
